 Dungeon Crawl Stone Soup version 0.29.1-15-g9cfb28693d (webtiles) character file.

Game seed: 6037855941000665930

1332 tizbic2 the Thaumaturge (level 8, -3/52 HPs)
             Began as a Gnoll Wanderer on Apr 22, 2023.
             Was a Believer of Hepliaklqana.
             Slain by a water moccasin (6 damage)
             ... while paralysed by Grinder
             ... on level 6 of the Dungeon.
             The game lasted 00:18:08 (5079 turns).

tizbic2 the Thaumaturge (Gnoll Wanderer)            Turns: 5079, Time: 00:18:08

Health: -3/52      AC:  9    Str: 11    XL:     8   Next: 61%
Magic:  22/22      EV:  2    Int: 11    God:    Hepliaklqana [**....]
Gold:   241        SH:  0    Dex: 15    Spells: 14/27 levels left

rFire   . . .      SeeInvis .   j - +0 falchion
rCold   . . .      Faith    .   (no shield)
rNeg    . . .      Spirit   .   t - +0 leather armour
rPois   .          Reflect  +   p - +2 hat
rElec   +          Harm     .   q - +0 cloak
rCorr   .          Rampage  .   h - +0 pair of gloves
Will    .....                   b - +0 pair of boots
Stlth   ++........              a - amulet of reflection
HPRegen 0.17/turn               (no ring)
MPRegen 0.18/turn               (no ring)

@: paralysed, lethally poisoned (-3 -> -9)
A: reduced essence, fangs 1, strong nose, distributed training, mutation
resistance 1, shaggy fur 1, electricity resistance
a: Renounce Religion, Recall Ancestor, Ancestor Identity


You were on level 6 of the Dungeon.
You worshipped Hepliaklqana.
Hepliaklqana was pleased with you.
You visited 1 branch of the dungeon, and saw 6 of its levels.

You collected 241 gold pieces.

Inventory:

Hand Weapons
 j - a +0 falchion (weapon)
Missiles
 i - 22 stones
 n - 8 poisoned darts
Armour
 b - a +0 pair of boots (worn)
 h - a +0 pair of gloves (worn)
 l - a +0 ring mail
 p - a +2 hat (worn)
 q - a +0 cloak (worn)
 t - a +0 leather armour (worn)
Jewellery
 a - an amulet of reflection (around neck)
Wands
 o - a wand of flame (15)
Scrolls
 c - 2 scrolls of fog
 d - 2 scrolls of identify
 f - 2 scrolls of poison
 k - a scroll of amnesia {unknown}
 m - 2 scrolls of teleportation
 s - a scroll of fear
 w - a scroll of enchant weapon {unknown}
Potions
 e - a potion of curing
 g - a potion of invisibility
 r - a potion of brilliance {unknown}
 u - a potion of ambrosia {unknown}
 v - a potion of haste {unknown}


   Skills:
 + Level 3.5 Fighting
 + Level 7.5 Short Blades
 + Level 3.5 Long Blades
 + Level 3.5 Axes
 + Level 3.5 Maces & Flails
 + Level 3.5 Polearms
 + Level 3.5 Staves
 + Level 3.5 Ranged Weapons
 + Level 3.5 Throwing
 + Level 3.5 Armour
 + Level 5.8 Dodging
 + Level 3.5 Stealth
 + Level 3.5 Shields
 + Level 3.5 Unarmed Combat
 + Level 10.0 Spellcasting
 + Level 2.9 Conjurations
 + Level 2.9 Hexes
 + Level 2.9 Summonings
 + Level 2.9 Necromancy
 + Level 2.9 Translocations
 + Level 2.9 Transmutations
 + Level 2.9 Fire Magic
 + Level 2.9 Ice Magic
 + Level 2.9 Air Magic
 + Level 2.9 Earth Magic
 + Level 2.9 Poison Magic
 + Level 3.9 Invocations
 + Level 3.5 Evocations


You had 14 spell levels left.
You knew the following spells:

 Your Spells              Type           Power      Damage    Failure   Level
a - Sandblast             Erth           22%        2d7       4%          1
b - Static Discharge      Conj/Air       11%        3-5/arc   8%          2
c - Call Canine Familiar  Summ           11%        N/A       14%         3
d - Tukima's Dance        Hex            11%        N/A       14%         3
e - Dispel Undead         Necr           11%        3d9       43%         4

Your spell library contained the following spells:

 Spells                   Type           Power      Damage    Failure   Level
 Summon Guardian Golem    Hex/Summ       11%        N/A       14%         3
 Sticky Flame             Conj/Fire      11%        2d3       43%         4
 Orb of Destruction       Conj           5%         9d5       100%        7
 Spellforged Servitor     Conj/Summ      5%         N/A       100%        7


Dungeon Overview and Level Annotations

Branches:
Dungeon (6/15)
 Temple: D:4-7

Altars:
Gozag
Hepliaklqana
Trog
Wu Jian
Xom
The Shining One

Annotations:
D:6 Grinder


Innate Abilities, Weirdness & Mutations

Your life essence is reduced to manifest your ancestor. (-10% HP)
You have very sharp teeth.
Your uncanny sense of smell can sniff out nearby items.
Your experience applies equally to all skills.
You are somewhat resistant to further mutation.
You are covered in fur. (AC +1)
You are resistant to electric shocks. (rElec)


Message History

The water moccasin is almost dead.
The water moccasin barely misses you.
Grinder hits Decima!
You hit the water moccasin but do no damage.
You bite the water moccasin.
The water moccasin is almost dead.
The water moccasin misses you.
The water moccasin bites Decima but does no damage.
Grinder gestures at you. The water moccasin closely misses you.
You hit the water moccasin.
You kill the water moccasin!
The water moccasin bites Decima.
Decima is destroyed!
Grinder gestures at you.
You suddenly lose the ability to move!
Your Spellcasting skill increases to level 10!
The water moccasin bites you.
The water moccasin bites you but does no damage.
You can move again.
You closely miss the water moccasin.
The water moccasin bites you but does no damage.
Grinder gestures at you.
You shrug off the repeated paralysis!
The water moccasin closely misses you.
You barely miss the water moccasin. The water moccasin bites you.
Grinder gestures at you.
You suddenly lose the ability to move!
The water moccasin bites you. Grinder hits you!
You writhe in agony.
The water moccasin bites you.
* * * LOW HITPOINT WARNING * * *
You are poisoned.
The water moccasin poisons you!
* * * LOW HITPOINT WARNING * * *
You feel very sick. Grinder hits you but does no damage.
The water moccasin bites you.
* * * LOW HITPOINT WARNING * * *
* * * LOW HITPOINT WARNING * * *
You feel sick. The water moccasin barely misses you. Grinder hits you.
* * * LOW HITPOINT WARNING * * *
The water moccasin bites you.
You die...

...#.....#
... .. #.#
... #. #.#
## $.o
#.###.# ..
#..
#.....#
#.##..
##....#
#...sn
####...^#
##'#
#..S5...#
#.R.
#..@....#
#...
+?......+
#...
#.......#
#...
#...#####
#... #####
#... ####


You could see Grinder and a water moccasin.

Vanquished Creatures
  A water moccasin (D:6)
  A necrophage (D:5)
  A water moccasin skeleton (D:5)
  A bullfrog zombie (D:5)
  2 jellies
  An orc priest (D:5)
  A centaur zombie (D:5)
  A centaur skeleton (D:5)
  3 iguanas
  A scorpion zombie (D:5)
  An orc wizard (D:4)
  4 adders
  A shadow imp (D:4)
  A dart slug (D:1)
  4 orcs (D:4)
  4 ball pythons
  8 bats
  6 endoplasms
  8 giant cockroaches (D:2)
  4 goblins
  7 hobgoblins
  12 jackals
  6 kobolds
  5 quokkas
  3 frilled lizards
  6 rats
93 creatures vanquished.

Vanquished Creatures (collateral kills)
  A phantom (D:5)
  A scorpion (D:4)
  A water moccasin zombie (D:5)
  A wyvern skeleton (D:5)
  A centaur zombie (D:5)
  A bullfrog zombie (D:5)
  A jelly (D:4)
  2 bullfrog skeletons (D:5)
  2 hounds
  An orc wizard (D:3)
  2 scorpion zombies (D:5)
  2 iguanas (D:4)
  4 gnolls (D:5)
  2 adders (D:5)
  A white imp (D:5)
  A dart slug (D:4)
  5 orcs
  An endoplasm (D:3)
  A goblin (D:4)
  3 hobgoblins (D:4)
  3 kobolds
  3 quokkas
  2 ball pythons
  A frilled lizard (D:3)
  A rat (D:3)
44 creatures vanquished.

Vanquished Creatures (others)
  A battlemage (D:6)
  An ancestor (D:4)
2 creatures vanquished.

Grand Total: 139 creatures vanquished

Notes
Turn   | Place    | Note
-------+----------+-------------------------------------------
     0 | D:1      | Reached skill level 9 in Spellcasting
     0 | D:1      | tizbic2 the Gnoll Wanderer began the quest for the Orb.
     0 | D:1      | tizbic2 set off with the following items: a +0 short sword,
                  | a +0 pair of boots, a scroll of fog, a +0 robe; and the
                  | following spell memorised: Sandblast; and the following
                  | spells available to memorise: Static Discharge, Call Canine
                  | Familiar, Tukima's Dance.
     0 | D:1      | Reached XP level 1. HP: 13/13 MP: 10/10
   214 | D:1      | Reached XP level 2. HP: 18/19 MP: 10/12
   612 | D:1      | Learned a level 2 spell: Static Discharge
  1086 | D:2      | Reached XP level 3. HP: 25/25 MP: 13/13
  1255 | D:2      | Reached skill level 1 in Invocations
  1747 | D:2      | Reached skill level 1 in Fighting
  1747 | D:2      | Reached skill level 1 in Long Blades
  1747 | D:2      | Reached skill level 1 in Axes
  1747 | D:2      | Reached skill level 1 in Maces & Flails
  1747 | D:2      | Reached skill level 1 in Polearms
  1747 | D:2      | Reached skill level 1 in Staves
  1747 | D:2      | Reached skill level 1 in Ranged Weapons
  1747 | D:2      | Reached skill level 1 in Throwing
  1747 | D:2      | Reached skill level 1 in Armour
  1747 | D:2      | Reached skill level 1 in Stealth
  1747 | D:2      | Reached skill level 1 in Shields
  1747 | D:2      | Reached skill level 1 in Unarmed Combat
  1747 | D:2      | Reached skill level 1 in Evocations
  1785 | D:2      | Reached XP level 4. HP: 31/32 MP: 15/15
  1869 | D:2      | Reached skill level 1 in Conjurations
  1869 | D:2      | Reached skill level 1 in Hexes
  1869 | D:2      | Reached skill level 1 in Summonings
  1869 | D:2      | Reached skill level 1 in Necromancy
  1869 | D:2      | Reached skill level 1 in Translocations
  1869 | D:2      | Reached skill level 1 in Transmutations
  1869 | D:2      | Reached skill level 1 in Fire Magic
  1869 | D:2      | Reached skill level 1 in Ice Magic
  1869 | D:2      | Reached skill level 1 in Air Magic
  1869 | D:2      | Reached skill level 1 in Earth Magic
  1869 | D:2      | Reached skill level 1 in Poison Magic
  2496 | D:2      | Gained mutation: You are occasionally teleported next to
                  | monsters. [potion of mutation]
  2497 | D:2      | Lost mutation: You are occasionally teleported next to
                  | monsters. [potion of mutation]
  2497 | D:2      | Gained mutation: You are resistant to electric shocks.
                  | (rElec) [potion of mutation]
  2497 | D:2      | Gained mutation: You are somewhat resistant to further
                  | mutation. [potion of mutation]
  2497 | D:2      | Gained mutation: You are covered in fur. (AC +1) [potion of
                  | mutation]
  2742 | D:3      | Found a faded altar of an unknown god.
  2751 | D:3      | Prayed at the altar of an unknown god.
  2751 | D:3      | Became a worshipper of Hepliaklqana the Forgotten
  2751 | D:3      | Reached * piety under Hepliaklqana
  2843 | D:3      | Reached XP level 5. HP: 31/33 MP: 16/16
  2844 | D:3      | Found a shimmering altar of Xom.
  2850 | D:3      | Found a bloodstained altar of Trog.
  3001 | D:3      | Found an ornate altar of the Wu Jian Council.
  3599 | D:4      | Reached XP level 6. HP: 14/39 MP: 7/18
  3842 | D:4      | Reached ** piety under Hepliaklqana
  3850 | D:4      | Reached skill level 5 in Dodging
  3851 | D:4      | Remembered your ancestor Decima as a battlemage
  4066 | D:4      | Reached XP level 7. HP: 29/45 MP: 20/20
  4291 | D:5      | Entered Level 5 of the Dungeon
  4315 | D:5      | Found a glowing golden altar of the Shining One.
  4349 | D:5      | Learned a level 3 spell: Call Canine Familiar
  4595 | D:5      | Learned a level 3 spell: Tukima's Dance
  4616 | D:5      | Reached XP level 8. HP: 32/52 MP: 21/21
  4790 | D:5      | Learned a level 4 spell: Dispel Undead
  4844 | D:5      | Found an opulent altar of Gozag.
  5062 | D:6      | Noticed Grinder
  5065 | D:6      | Paralysed by Grinder for 4 turns
  5071 | D:6      | Paralysed by Grinder for 3 turns
  5072 | D:6      | Reached skill level 10 in Spellcasting
  5076 | D:6      | Paralysed by Grinder for 5 turns
  5079 | D:6      | Slain by a water moccasin

Illustrated notes

Levels and vault maps discovered:
D:1:      dpeg_arrival_subterranean_lakeside_camping, layout_basic
D:2:      minmay_angry_zag, layout_basic
D:3:      layout_basic, grunt_temple_overflow_open,
          dreamdust_ecumenical_altar_angels_and_demons
D:4:      layout_basic, nicolae_ossuary_entry_plus, hangedman_decor_growths,
          small_statue_alley_b
D:5:      layout_gridville, grunt_gozag_breadcrumbs, tso_oasis_becter,
          serial_undead, serial_undead_a, serial_undead_d, serial_undead_f,
          serial_undead_d, serial_undead_d
D:6:      gammafunk_steamed_eel, layout_basic, minmay_temple_entry_mist,
          uniq_grinder, uniq_prince_ribbit1

Skill      XL: |  1  2  3  4  5  6  7  8 |
---------------+-------------------------+-----
Spellcasting   | 10 | 10.0
Invocations    | 1 2 3 |  3.9
Fighting       | 1 2 3 |  3.5
Long Blades    | 1 2 3 |  3.5
Axes           | 1 2 3 |  3.5
Maces & Flails | 1 2 3 |  3.5
Polearms       | 1 2 3 |  3.5
Staves         | 1 2 3 |  3.5
Ranged Weapons | 1 2 3 |  3.5
Throwing       | 1 2 3 |  3.5
Armour         | 1 2 3 |  3.5
Stealth        | 1 2 3 |  3.5
Shields        | 1 2 3 |  3.5
Unarmed Combat | 1 2 3 |  3.5
Evocations     | 1 2 3 |  3.5
Conjurations   | 1 2 |  2.9
Hexes          | 1 2 |  2.9
Summonings     | 1 2 |  2.9
Necromancy     | 1 2 |  2.9
Translocations | 1 2 |  2.9
Transmutations | 1 2 |  2.9
Fire Magic     | 1 2 |  2.9
Ice Magic      | 1 2 |  2.9
Air Magic      | 1 2 |  2.9
Earth Magic    | 1 2 |  2.9
Poison Magic   | 1 2 |  2.9
Dodging        | 5 |  5.8
Short Blades   | 7 |  7.5

Action                   |  1- 3 |  4- 6 |  7- 9 || total
-------------------------+-------+-------+-------++-------
Melee: Short sword       |    83 |   114 |       ||   197
       Bite              |     8 |    26 |    13 ||    47
       Punch             |       |     1 |     5 ||     6
       Falchion          |       |    65 |    80 ||   145
 Cast: Sandblast         |    32 |    20 |     2 ||    54
       Static Discharge  |     5 |     3 |       ||     8
Invok: Ancestor Life: Ba |       |     1 |       ||     1
       Recall Ancestor   |       |       |     1 ||     1
  Use: Scroll            |     2 |     4 |     2 ||     8
       Potion            |       |     3 |       ||     3
 Stab: Distracted        |       |     1 |     3 ||     4
       Sleeping          |       |     1 |     1 ||     2
Armor: Robe              |    27 |       |       ||    27
       Ring mail         |     5 |    82 |    14 ||   101
       Leather armour    |       |       |    19 ||    19
Dodge: Dodged            |    97 |   117 |    53 ||   267
Block: Other             |       |    22 |    20 ||    42
       Reflection        |       |     1 |       ||     1
